 Dungeon Crawl Stone Soup version 0.27-a0-1217-g8a41f320e8 (webtiles) character file.

Game seed: 7147726402895468413

126 roflturtle the Changer (level 4, -7/36 HPs)
             Began as a Draconian Transmuter on June 6, 2021.
             Killed by nerve-wracking pain
             ... invoked by a shadow imp
             ... summoned by Eustachio
              (12 damage)
             ... on level 4 of the Dungeon.
             The game lasted 00:09:09 (2995 turns).

roflturtle the Changer (Draconian Transmuter)       Turns: 2995, Time: 00:09:09

Health: -7/36      AC:  6    Str: 12    XL:     4   Next: 83%
Magic:  5/7        EV: 12    Int: 15    God:
Gold:   115        SH:  0    Dex: 11    Spells: 1/7 levels left

rFire    . . .     SeeInvis .     - Unarmed
rCold    . . .     Faith    .   (no shield)
rNeg     . . .     Spirit   .   (armour unavailable)
rPois    .         Reflect  .   (helmet restricted)
rElec    .         Harm     .   f - +0 cloak
rCorr    .         Rampage  .   (no gloves)
Will     .....                  (no boots)
Stlth    +.........             (no amulet)
HPRegen  0.12/turn              (no ring)
MPRegen  0.10/turn              (no ring)

@: about to teleport
A: AC +5, unfitting armour, cold-blooded
a: no special abilities


You were on level 4 of the Dungeon.
You visited 1 branch of the dungeon, and saw 4 of its levels.

You collected 115 gold pieces.

Inventory:

Armour
 f - a +0 cloak (worn)
Jewellery
 k - a ring of wizardry
Scrolls
 b - 7 scrolls of identify {unknown}
 e - a scroll of enchant weapon {unknown}
 g - a scroll of noise {unknown}
 h - a scroll of amnesia {unknown}
 i - a scroll of teleportation
Potions
 a - a potion of might {unknown}
 c - a potion of curing {unknown}
 d - a potion of haste {unknown}
 j - a potion of lignification {unknown}
 l - a potion of brilliance {unknown}


   Skills:
 - Level 2.0 Fighting
 - Level 2.0 Dodging
 - Level 3.0 Unarmed Combat
 - Level 2.0 Spellcasting
 - Level 4.0 Transmutations
 + Level 2.0 Poison Magic


You had one spell level left.
You knew the following spells:

 Your Spells              Type           Power      Damage    Failure   Level
a - Beastly Appendage     Tmut           26%        N/A       4%          1
b - Wereblood             Tmut           13%        N/A       6%          2
c - Spider Form           Tmut/Pois      5%         N/A       19%         3

Your spell library contained the following spells:

 Spells                   Type           Power      Damage    Failure   Level
 Ice Form                 Ice/Tmut       7%         N/A       67%         4
 Hydra Form               Tmut           6%         N/A       75%         5


Dungeon Overview and Level Annotations

Branches:
Dungeon (4/15)
 Temple: D:4-7

Altars:

Shops:
D:1 !

Annotations:
D:4 Eustachio


Innate Abilities, Weirdness & Mutations

Your plain brown scales are hard. (AC +5)
You cannot fit into any form of body armour.
You are cold-blooded and may be slowed by cold attacks.


Message History

Eustachio mumbles some strange words.
Eustachio blinks!
Casting: Spider Form (quite dangerous; 19% risk of failure)
Confirm with . or Enter, or press ? or * to list all spells.
The spell is quite dangerous to cast (19% risk of failure)!
Continue anyway?
You turn into a venomous arachnid creature.
Your +0 cloak melds into your body.
Your transformation is almost over.
A dart slug comes into view.
Found 18 arrows.
The dart slug launches a dart at you. The slug dart hits you.
Eustachio casts a spell.
Eustachio yells, "Perjured traitor, DIE!"
Eustachio mumbles some strange words.
The bat barely misses you. The shadow imp hits you.
Eustachio hits you with a +0 rapier!
You completely miss Eustachio. The bat hits you but does no damage.
The quokka closely misses you. The shadow imp barely misses you.
You closely miss Eustachio. The bat misses you. The bat barely misses you.
Eustachio hits you with a +0 rapier. The quokka misses you.
You hit Eustachio but do no damage.
Eustachio is poisoned.
The bat misses you. The shadow imp misses you. Eustachio barely misses you.
The quokka barely misses you.
You hit Eustachio.
Eustachio looks as sick as possible!
Eustachio is lightly wounded.
Your transformation has ended.
Your +0 cloak unmelds from your body.
The shadow imp puffs mist at you. The shadow imp closely misses you.
Eustachio barely misses you. The rat bites you but does no damage.
The quokka bites you.
As you read the scroll labelled EKUKLAZ HUESM, it crumbles to dust.
You feel strangely unstable.
It was a scroll of teleportation.
The shadow imp closely misses you. The quokka closely misses you.
Eustachio hits you with a +0 rapier.
* * * LOW HITPOINT WARNING * * *
The rat bites you but does no damage. The shadow imp gestures at you.
Pain shoots through your body!
You die...

#. ....... #.
...... .. .....
.##...# .......#
# .## #.#....#.#
...#.#r@5b#.#
##.#.#......#
#.....wr@..####
#............(..
#.........######
###....#....###.
###...........
#.....#.......##
#.###.#.......#
#..........####
#...#............


You could see Eustachio (extremely poisoned), a shadow imp (summoned), a dart
slug, a quokka (summoned), a bat (summoned) and a rat (summoned).

Vanquished Creatures
  An orc wizard (D:3)
  3 adders
  A dart slug (D:2)
  2 orcs (D:3)
  10 endoplasms
  5 giant cockroaches
  6 goblins
  7 hobgoblins
  3 jackals (D:2)
  2 quokkas
  5 ball pythons
  6 bats (D:2)
  3 frilled lizards
  4 kobolds
  7 rats
65 creatures vanquished.

Notes
Turn   | Place    | Note
-------+----------+-------------------------------------------
     0 | D:1      | roflturtle the Draconian Transmuter began the quest for the
                  | Orb.
     0 | D:1      | Reached XP level 1. HP: 16/16 MP: 3/3
   219 | D:1      | Reached XP level 2. HP: 24/24 MP: 3/5
   283 | D:1      | Found Edoasuwn's Distillery.
   809 | D:2      | Reached XP level 3. HP: 29/29 MP: 6/6
   814 | D:2      | Learned a level 2 spell: Wereblood
   818 | D:2      | Learned a level 3 spell: Spider Form
   870 | D:2      | Reached skill level 3 in Transmutations
  1490 | D:2      | Reached XP level 4. HP: 35/36 MP: 7/7
  1841 | D:3      | Reached skill level 4 in Transmutations
  2271 | D:3      | Reached skill level 1 in Poison Magic
  2980 | D:4      | Noticed Eustachio
  2995 | D:4      | Killed from afar by a shadow imp

Illustrated notes

Levels and vault maps discovered:
D:1:      dpeg_arrival_pits, layout_rooms, serial_shops, nicolae_shop_trees,
          minmay_pentomino_r4
D:2:      layout_basic
D:3:      layout_basic, corexii_hall_statues_x, grunt_ministairs_6
D:4:      layout_rooms, portal_sewer_entry_c, hangedman_decor_riveting,
          kennysheep_another_room, uniq_menkaure, uniq_natasha, uniq_duvessa,
          uniq_eustachio, uniq_crazy_yiuf_cottage

Skill      XL: |  1  2  3  4 |
---------------+-------------+-----
Dodging        | 2 |  2.0
Fighting       | 2 |  2.0
Transmutations | 3 4 |  4.0
Poison Magic   | 2 |  2.0
Unarmed Combat | |  3.0
Spellcasting   | |  2.0

Action                   |  1- 3 |  4- 6 || total
-------------------------+-------+-------++-------
Melee: Unarmed           |   137 |    83 ||   220
       Tailslap          |    13 |     8 ||    21
       Kick              |    12 |     4 ||    16
       Headbutt          |     8 |     3 ||    11
       Punch             |     1 |       ||     1
 Cast: Beastly Appendage |    11 |     3 ||    14
       Spider Form       |       |     2 ||     2
  Use: Scroll            |       |     1 ||     1
 Stab: Sleeping          |     2 |     1 ||     3
Armor: Skin              |    47 |    37 ||    84
Dodge: Dodged            |    80 |    65 ||   145

Table legend: (Time is in decaauts)
 A = Elapsed time spent in this place.
 B = Non-inter-level travel time spent in this place.
 C = Inter-level travel time spent in this place.
 D = Time resting spent in this place.
 E = Time spent auto-exploring this place.
 F = Levels seen in this place.
 G = Mean time per level.
                   A        B        C        D        E       F      G
               +--------+--------+--------+--------+--------+-----+--------+
         Total |   2988 |   2920 |     68 |    246 |   2029 |   4 |  747.0 |
       Dungeon |   2988 |   2920 |     68 |    246 |   2029 |   4 |  747.0 |
               +--------+--------+--------+--------+--------+-----+--------+

Top non-repeatable levels by time:
     D:3: 1134 daAuts
     D:2: 1084 daAuts
     D:1: 741 daAuts
     D:4: 27 daAuts
